[Event "34th GER-ch Seniors-50 2022"]
[Site "Magdeburg"]
[Date "2022.08.20"]
[Round "9.2"]
[White "Matzat, Andre"]
[Black "Wacker, Peter"]
[Result "1/2-1/2"]
[ECO "D02"]
[WhiteElo "2034"]
[BlackElo "2263"]
[Annotator "TA"]
[PlyCount "102"]
[EventDate "2022.08.12"]
[EventType "swiss"]
[EventCountry "GER"]
[SourceTitle "playchess.com"]
[Source "ChessBase"]
[SourceQuality "1"]
[TimeControl "40/5400+30:1800+30"]

1. d4 Nf6 2. Nf3 e6 3. Bf4 d5 4. e3 Bd6 5. Nbd2 O-O 6. c3 {[%emt 0:01:51] D02: 1 d4 d5 2 Nf3 sidelines, including 2...Nf6 3 g3 and 2...Nf6 3 Bf4.} c5 7. Bg3 Qc7 8. dxc5 Qxc5 9. Bd3 Qc7 10. e4 Nbd7 {[%emt 0:05:22] Against e5} 11. Qe2 {[%emt 0:02:07] [#] Hoping for e5.} Bxg3 $146 ({Predecessor:} 11... dxe4 12. Nxe4 Nxe4 13. Bxe4 e5 14. O-O-O Nf6 15. Bc2 Bg4 16. Bh4 Bxf3 17. gxf3 Be7 {½-½ (103) Nihal,S (2618)-Sargsyan,S (2601) Chess.com INT 2020}) 12. hxg3 {[%emt 0:01:08] aiming for e5.} h6 13. Rh4 {[%emt 0:05:34] Black should prevent e5.} dxe4 14. Nxe4 Nxe4 15. Bxe4 (15. Qxe4 $5 Nf6 16. Qe5 Qxe5+ 17. Nxe5 $11) 15... Nf6 16. Ne5 Nxe4 (16... Qxe5 $2 17. Bh7+ $1 Nxh7 18. Qxe5 $18) 17. Qxe4 f6 (17... Rd8 $1 $15) 18. Ng6 (18. Ng4 $11 f5 19. Qe5) 18... Rd8 (18... Re8 $1 $17) 19. Rd1 ({Better is} 19. Qb4 $15) 19... Rxd1+ $17 20. Kxd1 {[%emt 0:00:31] [#]} Qf7 $1 {[%emt 0:01:56] Strongly threatening ...f5.} 21. Qd3 Bd7 22. Rd4 Be8 23. Nh4 g5 (23... e5 $17 24. Rd8 e4) 24. Nf3 $11 Qe7 25. Nd2 Kg7 26. g4 Rc8 27. f3 Rc7 28. Ne4 a6 29. a4 Bf7 (29... e5 {is interesting.} 30. Rd6 Bxa4+ 31. Ke1 Rd7) 30. Rd6 h5 (30... Be8 $14) 31. gxh5 $16 Bxh5 32. Qd4 Bf7 (32... Bg6 $14) 33. a5 Be8 34. Kd2 (34. Kc1 $16) 34... Bf7 (34... Bb5 $14) 35. b4 {[%emt 0:01:12] 0x0.0019eea02ddbdp-1022s more active pieces.} ({White should play} 35. Qb6) 35... e5 $2 {[%emt 0:01:50] [#]} (35... Bg6 $16) 36. Qd3 $2 ({Only move:} 36. Qb6 $1 $18) 36... Bc4 (36... f5 $1 $11 {keeps the balance.} 37. Ng3 Be6) 37. Qe3 Rd7 38. Qb6 Bb5 ({Less strong is} 38... f5 39. Rxd7 Qxd7+ 40. Qd6 $16) 39. Ke3 $36 {[%emt 0:00:50][%mdl 2048] Rxd7 is the strong threat. White is pushing.} Rxd6 (39... Bc6 $14 40. Rxc6 bxc6) 40. Nxd6 $14 {[%emt 0:00:12][%mdl 4096] Endgame Black must now prevent Nf5+. KQB-KQN} Qd7 {[%emt 0:00:06] Inhibits Nf5+.} 41. Qxb7 Kf8 $2 (41... Qxb7 42. Nxb7 Kf8) 42. Qb8+ $18 Ke7 43. Nxb5 axb5 {[%emt 0:00:00] KQ-KQ} 44. a6 {[%emt 0:00:00] White threatens Qb7 and mate.} Qd1 45. Qc7+ Ke6 46. Qb6+ Ke7 47. Qc5+ Ke6 $2 (47... Kf7 48. a7 f5 49. Qxe5 Qg1+ 50. Kd2 Qf2+ 51. Kd3 Qxa7 52. Qxf5+ Kg8 53. Qxg5+ Kh8 54. Qe5+ Kh7 55. Qxb5 Qa1) 48. Kf2 $2 ({White should try} 48. Qc6+ $18 Ke7 49. Ke4) 48... Qd2+ $11 {[%emt 0:00:00] The position is equal.} 49. Kf1 Qd1+ 50. Kf2 Qd2+ 51. Kf1 Qd1+ {[%emt 0:00:00] Weighted Error Value: White=0.41/Black=0.36} 1/2-1/2

[Event "34th GER-ch Seniors-50 2022"]
[Site "Magdeburg"]
[Date "2022.08.20"]
[Round "9.3"]
[White "De Roda Husman, Juan"]
[Black "Koscielski, Janusz"]
[Result "1-0"]
[ECO "B18"]
[WhiteElo "2266"]
[BlackElo "2255"]
[Annotator "TA"]
[PlyCount "83"]
[EventDate "2022.08.12"]
[EventType "swiss"]
[EventCountry "GER"]
[SourceTitle "playchess.com"]
[Source "ChessBase"]
[SourceQuality "1"]
[TimeControl "40/5400+30:1800+30"]

1. e4 c6 2. d4 d5 3. Nd2 dxe4 4. Nxe4 Bf5 5. Ng3 Bg6 6. Bc4 e6 7. N1e2 Bd6 8. h4 h6 9. Nf4 Bxf4 10. Bxf4 Nf6 11. h5 {[%emt 0:01:51] B18: Classical Caro-Kann: 4...Bf5 sidelines.} Bh7 12. Qe2 O-O (12... b5 $5 13. Bb3 Qxd4 $11) 13. O-O-O {[%emt 0:02:03] The position is equal.} Nbd7 14. Kb1 {[%emt 0:06:19] [#]} a5 $146 ({Predecessor:} 14... Nd5 15. Bd6 Re8 16. Bd3 Bxd3 17. Qxd3 b5 18. Ne4 N7f6 19. Nxf6+ Qxf6 20. Qe2 Qd8 {1-0 (31) Sadvakasov,D (2610)-Sher,M (2420) Paris 2005}) 15. Bd3 a4 16. Bxh7+ Kxh7 17. a3 Qa5 18. Be5 Rad8 19. c4 Rfe8 20. f4 Kg8 21. Rc1 c5 22. dxc5 Qxc5 23. Rhe1 Qc6 ({Better is} 23... Nxe5 $17 24. Qxe5 Qxe5 25. Rxe5 Rd2) 24. Red1 Nxe5 (24... Nc5 $15) 25. fxe5 $11 Nd7 {[%emt 0:00:04] aiming for ...Nc5.} 26. Rd6 Qc7 27. Rcd1 Nc5 {[%emt 0:00:12] Inhibits Qd3.} 28. Ne4 {[%emt 0:00:54] [#] Black must now prevent Rxd8.} Nxe4 29. Qxe4 Rc8 30. R1d4 Qc5 31. g4 Rb8 {[%emt 0:02:48] [#]} (31... Rc6 $1 $11) 32. Ka2 {[%emt 0:02:10] White is more active.} (32. Qe3 $142 $1) 32... b5 $16 33. Rc6 $36 {[%emt 0:00:23][%mdl 2048] White is in control.} Qe7 34. c5 {[%emt 0:00:25][%cal Bc4c5,Bc5c6][%mdl 32] And now Rcd6 would win.} Rec8 $2 {[%emt 0:00:52][%mdl 8192] Loses the game.} (34... Qb7 $16) 35. Rxc8+ $18 Rxc8 {[%emt 0:00:01][%mdl 4096] Endgame KQR-KQR} 36. c6 Qc5 37. Rd7 ({Less strong is} 37. Rd6 Kf8 $14) 37... Kf8 38. Qf3 {[%emt 0:00:32][%csl Gd7][%cal Rf3f7] White mates.} f6 39. exf6 Qc4+ 40. Kb1 Kg8 41. fxg7 e5 42. c7 {[%emt 0:02:20] Weighted Error Value: White=0.10 (very precise) /Black=0.38} 1-0

[Event "34th GER-ch Seniors-50 2022"]
[Site "Magdeburg"]
[Date "2022.08.20"]
[Round "9.4"]
[White "Heck, Norbert"]
[Black "Hirn, Oskar"]
[Result "1-0"]
[ECO "A09"]
[WhiteElo "2249"]
[BlackElo "2188"]
[Annotator "TA"]
[PlyCount "25"]
[EventDate "2022.08.12"]
[EventType "swiss"]
[EventCountry "GER"]
[SourceTitle "playchess.com"]
[Source "ChessBase"]
[SourceQuality "1"]
[TimeControl "40/5400+30:1800+30"]

1. Nf3 d5 2. c4 d4 3. g3 Nc6 4. Bg2 e5 5. d3 Be7 {[%emt 0:01:42] [#]} (5... Bb4+ {is more appropriate.} 6. Nbd2 a5) 6. Nbd2 $146 {[%emt 0:02:29] A09: Réti Opening: 1 Nf3 d5 2 c4.} ({Better is} 6. O-O $1 $11) ({Predecessor:} 6. O-O Nf6 7. b4 Bxb4 8. Nxe5 Nxe5 9. Qa4+ Nc6 10. Bxc6+ bxc6 11. Qxb4 h5 12. Qc5 h4 13. Bb2 hxg3 14. fxg3 Ng4 15. Bxd4 Rxh2 16. Bxg7 {½-½ (35) Zimina,O (2390)-Stefanova,A (2476) Moscow 2019}) 6... a5 $15 7. a3 a4 8. b4 {[%emt 0:04:01][%cal Bb2b4,Bb4b5][%mdl 32] Black is slightly better.} Nf6 (8... axb3 $1 $11 {keeps the balance.} 9. Qxb3 Nf6) 9. b5 $16 Nb8 10. Nxe5 O-O 11. O-O {[%emt 0:00:17] White is more active.} Re8 12. Nef3 Nbd7 $2 {[%emt 0:00:12] [#]} (12... Bc5 $16) 13. Nxd4 {[%emt 0:01:24] Weighted Error Value: White=0.26 (precise) /Black=0.52} ({Don't take} 13. Bb2 Nc5 14. Nxd4 (14. Bxd4 Bf5 $18) 14... Bd6 $18) 1-0

[Event "34th GER-ch Seniors-50 2022"]
[Site "Magdeburg"]
[Date "2022.08.20"]
[Round "9.5"]
[White "Schatz, Christian"]
[Black "Brandes, Stephan"]
[Result "1/2-1/2"]
[ECO "C41"]
[WhiteElo "2137"]
[BlackElo "2123"]
[Annotator "TA"]
[PlyCount "146"]
[EventDate "2022.08.12"]
[EventType "swiss"]
[EventCountry "GER"]
[SourceTitle "playchess.com"]
[Source "ChessBase"]
[SourceQuality "1"]
[TimeControl "40/5400+30:1800+30"]

1. e4 d6 2. d4 Nf6 3. Nc3 Nbd7 4. Nf3 e5 5. Bc4 h6 6. h3 Be7 {[%emt 0:01:28] C41: Philidor Defence.} 7. Be3 c6 8. a4 Qc7 {[%emt 0:00:55] White has an edge.} (8... Nxe4 {keeps more tension.} 9. Nxe4 d5 10. O-O O-O) 9. Bb3 {[%emt 0:01:39] [#]} exd4 $146 ({Predecessor:} 9... Nf8 10. Qb1 Ng6 11. Qa2 O-O 12. Rd1 b6 13. g4 Nh7 14. Ne2 d5 15. exd5 exd4 16. Nfxd4 cxd5 {0-1 (52) Koziorowicz,M (2274)-Bebel,A (2294) Bydgoszcz 2021}) 10. Qxd4 O-O 11. Bf4 c5 12. Qd3 {[%emt 0:08:56] White is much more active. The black rooks are badly placed.} Ne5 13. Bxe5 dxe5 14. O-O Rd8 15. Nd5 ({Don't play} 15. Qc4 Be6 16. Qe2 c4 $17) 15... Nxd5 16. Bxd5 Be6 17. c4 Bxd5 (17... Bd7 $11) 18. cxd5 $14 Bd6 (18... c4 $14 19. Rfc1 Rac8) 19. Nd2 $16 Qe7 20. Nc4 Rf8 21. Rfe1 Rae8 22. Re3 f5 23. Nxd6 Qxd6 24. exf5 Qf6 25. d6 Qxf5 26. Qxf5 (26. Qe2 $142) 26... Rxf5 {[%emt 0:00:00][%mdl 4096] Endgame KRR-KRR} 27. Rd1 Rd8 28. g4 Rf6 29. Rxe5 Rfxd6 30. Rxd6 Rxd6 31. Rxc5 {[%emt 0:00:15] KR-KR} Rd4 32. b3 Rd3 33. Rb5 b6 34. Kg2 Kh7 35. h4 Kg6 36. f3 Kf6 {[%emt 0:00:13] [#]} 37. h5 $1 Ke6 38. Kg3 Rd4 39. a5 bxa5 40. Rxa5 Rd7 41. Kf4 (41. b4 $18) 41... Rb7 42. Ra6+ Kf7 43. Kg3 Rxb3 44. Rxa7+ Kf6 45. Ra6+ Kf7 46. Ra4 Rc3 47. Rf4+ Kg8 48. Rf5 Kh7 49. Re5 Rb3 50. Kf4 Kg8 51. Ke4 Kf7 52. Rc5 Kf6 53. Rc4 Ra3 54. f4 Rb3 55. Rc6+ Kf7 56. Rd6 Ke7 57. Rd3 Rb6 58. Rd5 Kf6 59. g5+ hxg5 60. fxg5+ Ke6 {[%emt 0:00:00] [#]} 61. Re5+ $1 Kf7 62. Rc5 Rb7 63. Kf5 ({White should try} 63. Kf4 $16) 63... g6+ $1 $11 {[%emt 0:01:19] The position is equal.} 64. hxg6+ Kg7 65. Rc6 Ra7 66. Rf6 Ra5+ 67. Kg4 Ra1 68. Rd6 Rg1+ 69. Kf4 Rf1+ 70. Ke5 Re1+ 71. Kf5 Rf1+ 72. Ke5 Re1+ 73. Kf4 Rf1+ {[%emt 0:00:09] White really could win this.  Weighted Error Value: White=0.05 (flawless) /Black=0.09 (flawless)} 1/2-1/2

[Event "34th GER-ch Seniors-50 2022"]
[Site "Magdeburg"]
[Date "2022.08.20"]
[Round "9.6"]
[White "Wenner, Tobias"]
[Black "Lindam, Ingo"]
[Result "0-1"]
[ECO "E69"]
[WhiteElo "2099"]
[BlackElo "2130"]
[Annotator "TA"]
[PlyCount "68"]
[EventDate "2022.08.12"]
[EventType "swiss"]
[EventCountry "GER"]
[SourceTitle "playchess.com"]
[Source "ChessBase"]
[SourceQuality "1"]
[TimeControl "40/5400+30:1800+30"]

1. Nf3 Nf6 2. c4 g6 3. g3 Bg7 4. Bg2 O-O 5. O-O d6 6. d4 Nbd7 7. Nc3 e5 8. e4 c6 9. h3 Qb6 10. c5 dxc5 11. dxe5 Ne8 12. e6 fxe6 13. Ng5 Ne5 14. f4 Nf7 15. Nxf7 Bd4+ 16. Kh2 Rxf7 17. e5 Qc7 {[%emt 0:00:39] E69: King's Indian: Fianchetto: 6...Nbd7 7 0-0 e5 8 e4 c6 9 h3.} 18. Ne4 {[%emt 0:00:53][%mdl 1024] White has compensation.} b6 19. Qc2 Ba6 {[%emt 0:04:57] White has an edge.} 20. Rf3 Rd8 {[%emt 0:06:08] [#]} 21. Ng5 $146 ({Predecessor:} 21. a4 Qd7 22. a5 Bb5 23. axb6 axb6 24. h4 h6 25. Rfa3 Kg7 26. g4 Qe7 27. g5 hxg5 28. hxg5 {1-0 (46) Nedilko,V (2400)-Golubev,M (2472) Odessa 2007}) 21... Re7 22. g4 Qd7 23. Rg3 Nc7 24. h4 (24. Ra3 $1 $11) 24... Nd5 $36 {[%emt 0:05:52][%mdl 2048] Black has strong initiative.} 25. a3 Rf8 26. Ne4 {[%emt 0:07:52] [#]} (26. Rf3 $17) 26... Ref7 $1 $19 27. Kh1 Nxf4 28. Bxf4 Rxf4 29. Nf6+ R8xf6 30. exf6 Rxf6 {[%emt 0:03:51] aiming for ...e5.} ({But not} 30... Bxf6 $2 31. Rf3 Qd6 32. Rd1 $17) 31. Rd1 (31. Rf3 {keeps fighting.}) 31... Qc7 32. Rf3 Rxf3 33. Bxf3 Qg3 {[%emt 0:00:58][%csl LRf3,LRh4] ( -> ...Qh3+)} 34. Qe4 $2 {[%emt 0:00:26] [#]} (34. Qg2 $19 Qxh4+ 35. Qh2 Qxh2+ 36. Kxh2) 34... Qh3# {[%emt 0:00:13] Weighted Error Value: White=0.85/Black=0.09 (flawless)} 0-1

[Event "34th GER-ch Seniors-50 2022"]
[Site "Magdeburg"]
[Date "2022.08.20"]
[Round "9.7"]
[White "Schoengart, Ralf"]
[Black "Pirrot, Dieter"]
[Result "0-1"]
[ECO "A90"]
[WhiteElo "2039"]
[BlackElo "2328"]
[Annotator "RC"]
[PlyCount "78"]
[EventDate "2022.08.12"]
[EventType "swiss"]
[EventCountry "GER"]
[SourceTitle "playchess.com"]
[Source "ChessBase"]
[SourceQuality "1"]
[TimeControl "40/5400+30:1800+30"]

1. d4 e6 2. c4 f5 3. g3 Nf6 4. Bg2 d6 5. Nc3 g6 6. Bg5 h6 7. Bd2 Bg7 8. Nf3 O-O 9. O-O g5 10. Qc2 Qe7 11. Rae1 Nc6 12. e3 e5 13. dxe5 dxe5 14. Nd5 Qf7 15. Nb4 e4 16. Nd4 Ne5 17. Nd5 c5 18. Nb3 b6 19. Nxf6+ Bxf6 20. Bc3 Qxc4 21. Nd2 Qe6 22. Nxe4 fxe4 23. Qxe4 Bd7 24. Bxe5 Qxe5 25. Qg6+ Bg7 26. f4 Qe6 27. Qd3 c4 28. Qd2 Bc6 29. e4 c3 30. bxc3 Bb5 31. f5 Qe5 32. Rf3 Rad8 33. Qc2 g4 34. Rfe3 h5 35. c4 Bc6 36. Kh1 Rd4 37. c5 bxc5 38. Rc3 Rxe4 39. Rxe4 Bxe4 0-1

[Event "34th GER-ch Seniors-50 2022"]
[Site "Magdeburg"]
[Date "2022.08.20"]
[Round "9.8"]
[White "Roettinger, Eugen"]
[Black "Schleicher, Guido"]
[Result "1/2-1/2"]
[ECO "D02"]
[WhiteElo "2035"]
[BlackElo "2234"]
[Annotator "TA"]
[PlyCount "52"]
[EventDate "2022.08.12"]
[EventType "swiss"]
[EventCountry "GER"]
[SourceTitle "playchess.com"]
[Source "ChessBase"]
[SourceQuality "1"]
[TimeControl "40/5400+30:1800+30"]

1. d4 Nf6 2. Bf4 e6 3. e3 d5 4. Nf3 Bd6 5. Bg3 O-O 6. Nbd2 c5 {[%emt 0:00:14] D02: 1 d4 d5 2 Nf3 sidelines, including 2...Nf6 3 g3 and 2...Nf6 3 Bf4.} 7. c3 b6 8. Bd3 Ba6 9. Bxa6 Nxa6 10. Qe2 Nb8 11. Ne5 Qc7 12. f4 Nbd7 13. O-O Ne4 14. Nxe4 dxe4 {[%emt 0:00:19] [#]} 15. Nc4 $146 ({Predecessor:} 15. Qc2 Bxe5 16. fxe5 Qc6 17. Bh4 f5 18. exf6 Nxf6 19. Rf4 cxd4 20. exd4 e5 21. dxe5 {1-0 (36) Kotepalli,S (1914)-Unuk,L (2298) Chess.com INT 2019}) 15... f5 16. Nxd6 Qxd6 17. Bh4 cxd4 18. exd4 Rac8 19. a4 Rf7 20. Qa6 Qc6 21. Rfd1 Nb8 22. Qb5 Rd7 {[%emt 0:00:17] Against d5} 23. Qe2 Qc4 24. Kf1 Na6 25. Be1 Nb8 26. Qxc4 Rxc4 {[%emt 0:00:16] Weighted Error Value: White=0.07 (flawless) /Black=0.07 (flawless)} 1/2-1/2